Carnivores vs Wiprows
(R1)
Created - 24 février 2016 at 19:45
Goals
|
| Carnivores |
1 |
1 |
1 |
3 |
| Wiprows |
1 |
0 |
1 |
2 |
|
Shots
|
| Carnivores |
11 |
18 |
11 |
40 |
| Wiprows |
10 |
8 |
13 |
31 |
|
1st period
1. Wiprows , Kristian Huselius 24 (Éric Belanger) at 0:57 (PP)
2. Carnivores , Mikael Granlund 20 (Blake Geoffrion) at 14:18
Penalties :
Frederic St-Denis (Bre) for Holding (Minor) at 0:56, Colton Orr (Bre) for Hooking (Minor) at 6:36, Nick Bonino (Win) for Hooking (Minor) at 10:14
2nd period
3. Carnivores , Andy Miele 23 (Jeremy Welsh) at 7:24 (PP)
Penalties :
Kristian Huselius (Win) for Hooking (Minor) at 6:25, Eric Tangradi (Win) for Holding (Minor) at 7:58, Brandon Bollig (Win) for Interference (Minor) at 13:58
3rd period
4. Carnivores , Lane MacDermid 4 (Anton Gustafsson, Colton Orr) at 0:49
5. Wiprows , Éric Belanger 25 (Eric Tangradi) at 11:01
Penalties :
Brendan Gallagher (Bre) for Cross-checking (Minor) at 5:38, Kevin Connauton (Win) for Slashing (Minor) at 13:43
Goalie Stats
Steve Mason (Bre), 29 saves from 31 shots - (0,935), W, 9-6-3, 60:00 minutes
Anders Lindback (Win), 37 saves from 40 shots - (0,925), L, 14-16-6, 59:04 minutes
Players Stats for Carnivores
Player Name G A P +/- PIM S H SB GA TA FO MP PP MP PK MP
------------------------------------------------------------------------------------
Andy Miele 1 0 1 -1 0 4 2 1 1 2 5/12 18:23 4:12 2:10
Anton Gustafsson 0 1 1 1 0 2 1 0 0 0 2/2 8:30 0:00 0:00
Anton Lander 0 0 0 0 0 3 1 1 0 0 0/7 12:24 0:13 1:37
Blake Geoffrion 0 1 1 1 0 5 0 0 1 1 0/0 20:24 4:30 0:00
Bobby Sanguinetti 0 0 0 0 0 1 1 1 0 0 0/0 18:34 3:56 0:00
Brendan Gallagher 0 0 0 -1 2 2 1 1 0 0 0/0 16:12 4:05 0:00
Chris Butler 0 0 0 1 0 1 1 0 0 1 0/0 15:06 3:56 1:26
Chris Lawrence 0 0 0 1 0 2 2 0 1 1 0/4 21:38 4:43 0:52
Colton Orr 0 1 1 0 2 1 1 0 0 1 0/0 10:38 0:07 0:00
David Schlemko 0 0 0 1 0 1 0 0 0 0 0/0 8:53 0:00 0:00
Frederic St-Denis 0 0 0 0 2 2 1 1 1 0 0/0 15:28 0:00 1:26
Jeremy Welsh 0 1 1 -1 0 4 0 0 0 0 0/1 16:13 4:05 0:00
Joffrey Lupul 0 0 0 0 0 1 2 1 0 0 0/0 10:17 0:00 0:00
Lane MacDermid 1 0 1 1 0 2 1 0 2 0 0/0 10:04 0:20 0:57
Mikael Granlund 1 0 1 1 0 4 2 1 0 0 15/34 22:34 4:30 2:10
Patrick McNeill 0 0 0 0 0 0 1 0 0 1 0/0 6:23 0:00 0:00
Phil Oreskovic 0 0 0 0 0 3 1 1 0 0 0/0 24:36 4:59 2:33
Sasha Pokulok 0 0 0 0 0 1 3 1 3 1 0/0 24:36 4:59 2:33
Zach Jones 0 0 0 0 0 1 0 0 0 1 0/0 6:23 0:00 0:00
Zack Smith 0 0 0 1 0 0 1 0 0 0 0/0 8:42 0:00 0:12
Players Stats for Wiprows
Player Name G A P +/- PIM S H SB GA TA FO MP PP MP PK MP
------------------------------------------------------------------------------------
Arturs Kulda 0 0 0 0 0 2 2 5 0 2 0/0 27:21 0:12 6:30
Brandon Bollig 0 0 0 0 2 1 1 1 0 1 0/0 12:04 0:00 0:00
Brendon Nash 0 0 0 0 0 2 2 1 0 0 0/0 14:15 1:22 3:15
Cade Fairchild 0 0 0 -1 0 0 0 0 0 1 0/0 15:12 0:12 0:00
Drayson Bowman 0 0 0 0 0 0 0 0 0 0 0/0 0:23 0:10 0:00
Éric Belanger 1 1 2 0 0 5 0 2 2 0 14/23 19:22 2:09 5:13
Eric Tangradi 0 1 1 0 2 2 2 0 0 0 0/0 14:18 1:40 0:33
Gord Baldwin 0 0 0 0 0 0 2 2 0 0 0/0 23:02 2:47 1:27
Jonathan Tremblay 0 0 0 0 0 3 1 1 3 2 0/0 15:50 1:40 2:17
Jordan Szwarz 0 0 0 0 0 0 0 0 0 0 0/0 0:23 0:10 0:00
Justin Shugg 0 0 0 0 0 0 0 0 0 0 0/0 0:00 0:00 0:00
Kevin Connauton 0 0 0 0 2 1 1 1 0 1 0/0 17:17 1:58 2:25
Kris Foucault 0 0 0 0 0 0 0 0 0 0 0/0 2:02 0:00 1:35
Kristian Huselius 1 0 1 -1 2 2 2 0 1 0 3/5 21:20 2:19 2:52
Linden Vey 0 0 0 0 0 0 0 0 0 0 0/0 6:46 0:00 0:00
Matt Beleskey 0 0 0 0 0 0 0 0 0 0 0/1 6:46 0:00 0:00
Maxime Macenauer 0 0 0 0 0 1 0 0 0 0 4/6 11:55 0:00 0:00
Michael Chaput 0 0 0 0 0 0 0 0 0 0 0/0 0:11 0:00 0:06
Nick Bonino 0 0 0 -1 2 0 2 0 0 0 16/24 17:43 1:40 0:00
T.J. Oshie 0 0 0 -1 0 3 1 1 0 1 1/1 23:27 2:09 5:14
Thomas Hickey 0 0 0 -1 0 2 2 3 0 0 0/0 22:42 1:27 4:13
Tim Conboy 0 0 0 0 0 7 0 0 3 0 0/0 11:55 0:00 0:00
Tim Schaller 0 0 0 0 0 0 3 0 0 1 0/0 6:46 0:00 0:00
3 Stars
1 - Éric Belanger (Win)
2 - Mikael Granlund (Bre)
3 - Lane MacDermid (Bre)
Power Play
Carnivores - 1 on 5 Attempt(s) - 20,00%
Wiprows - 1 on 3 Attempt(s) - 33,33%
Penalty Kill
Carnivores - 2 on 3 Attempt(s) - 66,67%
- Score 0 goal in Penalty Kill
Wiprows - 4 on 5 Attempt(s) - 80,00%
- Score 0 goal in Penalty Kill
Team Stat
Carnivores - Hits : 22 - Faceoff Wins : 22 - Blocked Shots : 9 - Penalty Minutes : 6
Wiprows - Hits : 21 - Faceoff Wins : 38 - Blocked Shots : 17 - Penalty Minutes : 10
Official
Referees : Rooney Chris and Meier Brad
Linesman : Lyle Seitz and Derek Amell
Game Notes
7:24 of 2nd period - Carnivores goal is going for a video replay. After video review, Goal.
Brendon Nash is injured at 12:53 of 2nd period (Right Ankle)
Finance
Level 1 -- Attendance: 1431 (71,55%) -- Ticket Income 40 068 $
Level 2 -- Attendance: 707 (70,70%) -- Ticket Income 9 191 $
Total Attendance: 2138 (71,27%)
Total Ticket Income: 49 259 $
Other Income: 2 463 $
Total Income: 51 722 $
Carnivores
5 vs 5 Forward
Center Left Wing Right Wing Time % Phy DF OF
1 Mikael Granlund Blake Geoffrion Chris Lawrence 40 1 2 2
2 Andy Miele Jeremy Welsh Brendan Gallagher 35 1 2 2
3 Anton Lander Joffrey Lupul Colton Orr 17 1 2 2
4 Anton Gustafsson Lane MacDermid Zack Smith 8 3 0 2
5 vs 5 Defense
Defense Defense Time % Phy DF OF
1 Phil Oreskovic Sasha Pokulok 40 1 2 2
2 Bobby Sanguinetti Frederic St-Denis 30 1 2 2
3 Chris Butler David Schlemko 20 1 2 2
4 Patrick McNeill Zach Jones 10 1 2 2
PowerPlay Forward
Center Left Wing Right Wing Time % Phy DF OF
1 Mikael Granlund Blake Geoffrion Chris Lawrence 53 1 1 3
2 Andy Miele Jeremy Welsh Brendan Gallagher 47 1 1 3
PowerPlay Defense
Defense Defense Time % Phy DF OF
1 Phil Oreskovic Sasha Pokulok 60 1 1 3
2 Bobby Sanguinetti Chris Butler 40 1 1 3
Penalty Kill 4 Players Forward
Center Wing Time % Phy DF OF
1 Mikael Granlund Andy Miele 60 1 3 1
2 Anton Lander Chris Lawrence 40 1 3 1
Penalty Kill 4 Players Defense
Defense Defense Time % Phy DF OF
1 Phil Oreskovic Sasha Pokulok 60 1 3 1
2 Chris Butler Frederic St-Denis 40 1 3 1
Penalty Kill - 3 Players Forward
Forward Time % Phy DF OF
1 Andy Miele 60 1 4 0
2 Anton Lander 40 1 4 0
Penalty Kill - 3 Players Defense
Defense Defense Time % Phy DF OF
1 Phil Oreskovic Sasha Pokulok 60 2 3 0
2 Chris Butler Frederic St-Denis 40 2 3 0
4 vs 4 Forward
Center Wing Time % Phy DF OF
1 Andy Miele Brendan Gallagher 60 1 2 2
2 Mikael Granlund Chris Lawrence 40 1 2 2
4 vs 4 Defense
Defense Defense Time % Phy DF OF
1 Phil Oreskovic Sasha Pokulok 60 1 2 2
2 Bobby Sanguinetti Chris Butler 40 1 2 2
Last Minutes Offensive
Center Left Wing Right Wing Defense Defense
Mikael Granlund Blake Geoffrion Andy Miele Bobby Sanguinetti Phil Oreskovic
Last Minutes Defensive
Center Left Wing Right Wing Defense Defense
Mikael Granlund Blake Geoffrion Chris Lawrence Phil Oreskovic Sasha Pokulok
Goaltenders
Starting : Steve Mason
Backup : Antti Raanta
Extra Forwards
Normal : Jeremy Welsh, Mikael Granlund, Brendan Gallagher - PP : Mikael Granlund, Brendan Gallagher - PK : Mikael Granlund
Extra Defensemen
Normal : Sasha Pokulok, Bobby Sanguinetti, Phil Oreskovic - PP : Bobby Sanguinetti - PK : Sasha Pokulok, Frederic St-Denis
Penalty Shots
Andy Miele, Mikael Granlund, Blake Geoffrion, Colton Orr, Brendan Gallagher
Wiprows
5 vs 5 Forward
Center Left Wing Right Wing Time % Phy DF OF
1 Nick Bonino Kristian Huselius T.J. Oshie 40 0 2 3
2 Éric Belanger Eric Tangradi Jonathan Tremblay 30 1 2 2
3 Maxime Macenauer Brandon Bollig Tim Conboy 20 1 2 2
4 Tim Schaller Matt Beleskey Linden Vey 10 1 2 2
5 vs 5 Defense
Defense Defense Time % Phy DF OF
1 Brendon Nash Arturs Kulda 40 1 2 2
2 Thomas Hickey Kevin Connauton 30 1 2 2
3 Gord Baldwin Cade Fairchild 20 1 2 2
4 Arturs Kulda Brendon Nash 10 1 2 2
PowerPlay Forward
Center Left Wing Right Wing Time % Phy DF OF
1 Éric Belanger Kristian Huselius T.J. Oshie 60 1 2 2
2 Nick Bonino Eric Tangradi Jonathan Tremblay 40 1 2 2
PowerPlay Defense
Defense Defense Time % Phy DF OF
1 Brendon Nash Gord Baldwin 60 1 2 2
2 Thomas Hickey Kevin Connauton 40 1 2 2
Penalty Kill 4 Players Forward
Center Wing Time % Phy DF OF
1 Éric Belanger T.J. Oshie 60 1 2 2
2 Kristian Huselius Jonathan Tremblay 40 1 2 2
Penalty Kill 4 Players Defense
Defense Defense Time % Phy DF OF
1 Brendon Nash Arturs Kulda 60 1 2 2
2 Thomas Hickey Kevin Connauton 40 1 2 2
Penalty Kill - 3 Players Forward
Forward Time % Phy DF OF
1 Éric Belanger 60 1 2 2
2 T.J. Oshie 40 1 2 2
Penalty Kill - 3 Players Defense
Defense Defense Time % Phy DF OF
1 Brendon Nash Arturs Kulda 60 1 2 2
2 Thomas Hickey Kevin Connauton 40 1 2 2
4 vs 4 Forward
Center Wing Time % Phy DF OF
1 Éric Belanger T.J. Oshie 60 1 2 2
2 Kristian Huselius Jonathan Tremblay 40 1 2 2
4 vs 4 Defense
Defense Defense Time % Phy DF OF
1 Brendon Nash Gord Baldwin 60 1 2 2
2 Thomas Hickey Kevin Connauton 40 1 2 2
Last Minutes Offensive
Center Left Wing Right Wing Defense Defense
Éric Belanger Kristian Huselius T.J. Oshie Brendon Nash Arturs Kulda
Last Minutes Defensive
Center Left Wing Right Wing Defense Defense
Éric Belanger Kristian Huselius T.J. Oshie Brendon Nash Arturs Kulda
Goaltenders
Starting : Anders Lindback
Backup : Calvin Pickard
Extra Forwards
Normal : Drayson Bowman, Jordan Szwarz, Kris Foucault - PP : Drayson Bowman, Jordan Szwarz - PK : Kris Foucault
Extra Defensemen
Normal : Brendon Nash, Arturs Kulda, Thomas Hickey - PP : Kevin Connauton - PK : Arturs Kulda, Brendon Nash
Penalty Shots
Éric Belanger, T.J. Oshie, Kristian Huselius, Jonathan Tremblay, Tim Conboy
% Time on Ice - Carnivores
Lines # - Real PCT - Wanted PCT - Time Play
Normal Forward
1 - 34% - 40% - 16:11
2 - 26% - 35% - 12:01
3 - 22% - 17% - 10:17
4 - 18% - 8% - 8:30
Normal Defense
1 - 36% - 40% - 16:57
2 - 31% - 30% - 14:46
3 - 19% - 20% - 8:53
4 - 14% - 10% - 6:23
PP Forward
1 - 53% - 53% - 4:43
2 - 47% - 47% - 4:12
PP Defense
1 - 56% - 60% - 4:59
2 - 44% - 40% - 3:56
PK Forward
1 - 78% - 60% - 3:07
2 - 22% - 40% - 0:52
PK Defense
1 - 64% - 60% - 2:33
2 - 36% - 40% - 1:26
PK3 Forward
1 - 0% - 60%
2 - 0% - 40%
PK3 Defense
1 - 0% - 60%
2 - 0% - 40%
44 Forward
1 - 0% - 60%
2 - 0% - 40%
44 Defense
1 - 0% - 60%
2 - 0% - 40%
Last Minute Offensive - 0:00
Last Minute Defensive - 0:07
Total
Forward - 60:00
Defense - 60:00
|
% Time on Ice - Wiprows
Lines # - Real PCT - Wanted PCT - Time Play
Normal Forward
1 - 35% - 40% - 16:25
2 - 25% - 30% - 11:53
3 - 25% - 20% - 11:55
4 - 14% - 10% - 6:46
Normal Defense
1 - 41% - 40% - 19:24
2 - 24% - 30% - 11:03
3 - 30% - 20% - 14:13
4 - 5% - 10% - 2:19
PP Forward
1 - 58% - 60% - 2:19
2 - 42% - 40% - 1:40
PP Defense
1 - 84% - 60% - 3:21
2 - 16% - 40% - 0:38
PK Forward
1 - 74% - 60% - 6:38
2 - 26% - 40% - 2:17
PK Defense
1 - 63% - 60% - 5:37
2 - 37% - 40% - 3:18
PK3 Forward
1 - 0% - 60%
2 - 0% - 40%
PK3 Defense
1 - 0% - 60%
2 - 0% - 40%
44 Forward
1 - 0% - 60%
2 - 0% - 40%
44 Defense
1 - 0% - 60%
2 - 0% - 40%
Last Minute Offensive - 0:07
Last Minute Defensive - 0:00
Total
Forward - 60:00
Defense - 60:00
|
Play by Play
1st period
0:01 of 1st period - Mikael Granlund wins face-off versus Nick Bonino in neutral zone.
0:08 of 1st period - Backhand shot by Chris Lawrence.
0:08 of 1st period - Shot Misses the Net.
0:53 of 1st period - Snap shot by Tim Conboy.
0:53 of 1st period - Deflect By Phil Oreskovic.
0:53 of 1st period - Shot Blocked by Phil Oreskovic.
0:53 of 1st period - Puck is out of play.
0:54 of 1st period - Anton Gustafsson wins face-off versus Matt Beleskey in Carnivores zone.
0:56 of 1st period - Minor Penalty to Frederic St-Denis for Holding.
0:57 of 1st period - Éric Belanger wins face-off versus Mikael Granlund in Carnivores zone.
0:57 of 1st period - Snap shot by Kristian Huselius.
0:57 of 1st period - Goal by Kristian Huselius - Carnivores : 0 - Wiprows : 1.
0:58 of 1st period - Andy Miele wins face-off versus Nick Bonino in neutral zone.
1:09 of 1st period - Andy Miele is hit by Kristian Huselius and loses puck.
1:14 of 1st period - Snap shot by T.J. Oshie.
1:14 of 1st period - Stopped by Steve Mason without a rebound.
1:15 of 1st period - Mikael Granlund wins face-off versus Éric Belanger in Carnivores zone.
1:15 of 1st period - Mikael Granlund is hit by Gord Baldwin.
1:27 of 1st period - Wrist shot by Mikael Granlund.
1:27 of 1st period - Stopped by Anders Lindback with a rebound.
2:06 of 1st period - Wrist shot by Andy Miele.
2:06 of 1st period - Stopped by Anders Lindback without a rebound.
2:07 of 1st period - Maxime Macenauer wins face-off versus Mikael Granlund in Wiprows zone.
2:10 of 1st period - Snap shot by Chris Lawrence.
2:10 of 1st period - Shot Blocked by Arturs Kulda.
2:20 of 1st period - Wrist shot by Chris Lawrence.
2:20 of 1st period - Shot Misses the Net.
2:22 of 1st period - Wrist shot by Zach Jones.
2:22 of 1st period - Stopped by Anders Lindback without a rebound.
2:23 of 1st period - Nick Bonino wins face-off versus Anton Lander in Wiprows zone.
2:29 of 1st period - Icing by T.J. Oshie.
2:30 of 1st period - Nick Bonino wins face-off versus Anton Lander in Wiprows zone.
2:38 of 1st period - Icing by Nick Bonino.
2:39 of 1st period - Kristian Huselius wins face-off versus Andy Miele in Wiprows zone.
2:52 of 1st period - Backhand shot by Andy Miele.
2:52 of 1st period - Shot Misses the Net.
3:12 of 1st period - Sasha Pokulok is hit by Kevin Connauton.
3:28 of 1st period - Bobby Sanguinetti is hit by Thomas Hickey and loses puck.
3:58 of 1st period - Slapshot by Brendon Nash.
3:58 of 1st period - Shot Blocked by Frederic St-Denis.
4:36 of 1st period - Brendon Nash is hit by Chris Butler.
5:45 of 1st period - Slapshot by Anton Gustafsson.
5:45 of 1st period - Stopped by Anders Lindback with a rebound.
5:47 of 1st period - Wrist shot by Blake Geoffrion.
5:47 of 1st period - Shot Misses the Net.
6:27 of 1st period - Éric Belanger is hit by Joffrey Lupul.
6:36 of 1st period - Minor Penalty to Colton Orr for Hooking.
6:37 of 1st period - Mikael Granlund wins face-off versus Éric Belanger in Carnivores zone.
6:49 of 1st period - Wrist shot by Éric Belanger.
6:49 of 1st period - Stopped by Steve Mason with a rebound.
6:51 of 1st period - Snap shot by Éric Belanger.
6:51 of 1st period - Stopped by Steve Mason with a rebound.
6:53 of 1st period - Slapshot by Gord Baldwin.
6:53 of 1st period - Shot Misses the Net.
7:12 of 1st period - Anton Lander is hit by Eric Tangradi and loses puck.
7:35 of 1st period - Thomas Hickey is hit by Frederic St-Denis.
8:05 of 1st period - Phil Oreskovic is hit by Eric Tangradi and loses puck.
8:20 of 1st period - Phil Oreskovic is hit by Brendon Nash and loses puck.
8:36 of 1st period - Penalty to Colton Orr is over, Colton Orr is back on ice.
8:47 of 1st period - Snap shot by Andy Miele.
8:47 of 1st period - Shot Misses the Net.
8:57 of 1st period - Slapshot by Kevin Connauton.
8:57 of 1st period - Stopped by Steve Mason with a rebound.
10:01 of 1st period - Off-side.
10:02 of 1st period - Nick Bonino wins face-off versus Anton Lander in neutral zone.
10:14 of 1st period - Minor Penalty to Nick Bonino for Hooking.
10:15 of 1st period - Éric Belanger wins face-off versus Mikael Granlund in Wiprows zone.
12:04 of 1st period - Eric Tangradi is hit by Andy Miele and loses puck.
12:14 of 1st period - Penalty to Nick Bonino is over, Nick Bonino is back on ice.
12:25 of 1st period - Wrist shot by Tim Conboy.
12:25 of 1st period - Stopped by Steve Mason with a rebound.
12:43 of 1st period - Patrick McNeill is hit by Tim Schaller and loses puck.
13:15 of 1st period - Éric Belanger is hit by Anton Lander and loses puck.
13:46 of 1st period - Andy Miele is hit by T.J. Oshie and loses puck.
14:14 of 1st period - Wrist shot by Andy Miele.
14:14 of 1st period - Deflect By Jeremy Welsh.
14:14 of 1st period - Shot Misses the Net.
14:14 of 1st period - Puck is out of play.
14:15 of 1st period - Mikael Granlund wins face-off versus Nick Bonino in Wiprows zone.
14:16 of 1st period - Backhand shot by Blake Geoffrion.
14:16 of 1st period - Shot Misses the Net.
14:18 of 1st period - Wrist shot by Mikael Granlund.
14:18 of 1st period - Goal by Mikael Granlund - Carnivores : 1 - Wiprows : 1.
14:19 of 1st period - Nick Bonino wins face-off versus Chris Lawrence in neutral zone.
14:44 of 1st period - David Schlemko is hit by Brendon Nash and loses puck.
15:01 of 1st period - Wrist shot by Éric Belanger.
15:01 of 1st period - Shot Misses the Net.
15:05 of 1st period - Wrist shot by Tim Conboy.
15:05 of 1st period - Stopped by Steve Mason with a rebound.
15:07 of 1st period - Slapshot by Arturs Kulda.
15:07 of 1st period - Stopped by Steve Mason with a rebound.
15:09 of 1st period - Snap shot by Maxime Macenauer.
15:09 of 1st period - Shot Misses the Net.
15:27 of 1st period - Wrist shot by Blake Geoffrion.
15:27 of 1st period - Stopped by Anders Lindback without a rebound.
15:28 of 1st period - Mikael Granlund wins face-off versus Kristian Huselius in Wiprows zone.
16:22 of 1st period - Snap shot by Chris Lawrence.
16:22 of 1st period - Shot Blocked by Éric Belanger.
16:24 of 1st period - Slapshot by David Schlemko.
16:24 of 1st period - Deflect By Éric Belanger.
16:24 of 1st period - Stopped by Anders Lindback with a rebound.
16:26 of 1st period - Slapshot by Chris Butler.
16:26 of 1st period - Stopped by Anders Lindback with a rebound.
16:28 of 1st period - Snap shot by Blake Geoffrion.
16:28 of 1st period - Shot Misses the Net.
16:34 of 1st period - Slapshot by Blake Geoffrion.
16:34 of 1st period - Stopped by Anders Lindback without a rebound.
16:35 of 1st period - Nick Bonino wins face-off versus Andy Miele in Wiprows zone.
17:29 of 1st period - Slapshot by Brendon Nash.
17:29 of 1st period - Stopped by Steve Mason with a rebound.
17:31 of 1st period - Wrist shot by Matt Beleskey.
17:31 of 1st period - Shot Blocked by Bobby Sanguinetti.
17:43 of 1st period - Jeremy Welsh is hit by Kristian Huselius and loses puck.
17:48 of 1st period - Snap shot by Nick Bonino.
17:48 of 1st period - Shot Blocked by Brendan Gallagher.
18:00 of 1st period - Wrist shot by Joffrey Lupul.
18:00 of 1st period - Shot Misses the Net.
18:02 of 1st period - Wrist shot by Joffrey Lupul.
18:02 of 1st period - Shot Misses the Net.
18:04 of 1st period - Wrist shot by Colton Orr.
18:04 of 1st period - Stopped by Anders Lindback without a rebound.
18:05 of 1st period - Éric Belanger wins face-off versus Anton Lander in Wiprows zone.
18:39 of 1st period - Snap shot by Chris Lawrence.
18:39 of 1st period - Shot Blocked by Thomas Hickey.
19:38 of 1st period - Slapshot by Jonathan Tremblay.
19:38 of 1st period - Stopped by Steve Mason without a rebound.
19:39 of 1st period - Éric Belanger wins face-off versus Mikael Granlund in Carnivores zone.
19:40 of 1st period - Slapshot by Brendon Nash.
19:40 of 1st period - Shot Blocked by Mikael Granlund.
19:54 of 1st period - Wrist shot by Mikael Granlund.
19:54 of 1st period - Stopped by Anders Lindback with a rebound.
Goals for this period are 1 for Carnivores vs 1 for Wiprows.
Shots for this period are 11 for Carnivores vs 10 for Wiprows.
2nd period
0:01 of 2nd period - Nick Bonino wins face-off versus Mikael Granlund in neutral zone.
0:34 of 2nd period - Snap shot by Brendan Gallagher.
0:34 of 2nd period - Shot Misses the Net.
0:36 of 2nd period - Snap shot by Jeremy Welsh.
0:36 of 2nd period - Stopped by Anders Lindback with a rebound.
0:38 of 2nd period - Slapshot by Frederic St-Denis.
0:38 of 2nd period - Stopped by Anders Lindback with a rebound.
0:40 of 2nd period - Slapshot by Bobby Sanguinetti.
0:40 of 2nd period - Shot Misses the Net.
0:42 of 2nd period - Wrist shot by Andy Miele.
0:42 of 2nd period - Stopped by Anders Lindback without a rebound.
0:43 of 2nd period - Andy Miele wins face-off versus Maxime Macenauer in Wiprows zone.
0:44 of 2nd period - Wrist shot by Brendan Gallagher.
0:44 of 2nd period - Stopped by Anders Lindback with a rebound.
1:15 of 2nd period - Slapshot by Anton Lander.
1:15 of 2nd period - Stopped by Anders Lindback without a rebound.
1:16 of 2nd period - Nick Bonino wins face-off versus Mikael Granlund in Wiprows zone.
1:26 of 2nd period - Off-side.
1:27 of 2nd period - Nick Bonino wins face-off versus Mikael Granlund in neutral zone.
1:59 of 2nd period - Snap shot by Éric Belanger.
1:59 of 2nd period - Deflect By Andy Miele.
1:59 of 2nd period - Stopped by Steve Mason with a rebound.
2:01 of 2nd period - Wrist shot by Eric Tangradi.
2:01 of 2nd period - Stopped by Steve Mason with a rebound.
2:05 of 2nd period - Snap shot by Éric Belanger.
2:05 of 2nd period - Shot Blocked by Andy Miele.
3:43 of 2nd period - Slapshot by Maxime Macenauer.
3:43 of 2nd period - Shot Misses the Net.
4:31 of 2nd period - Snap shot by Eric Tangradi.
4:31 of 2nd period - Shot Misses the Net.
4:47 of 2nd period - Wrist shot by Jonathan Tremblay.
4:47 of 2nd period - Stopped by Steve Mason without a rebound.
4:48 of 2nd period - Kristian Huselius wins face-off versus Andy Miele in Carnivores zone.
5:46 of 2nd period - Icing by Arturs Kulda.
5:47 of 2nd period - Éric Belanger wins face-off versus Andy Miele in Wiprows zone.
5:56 of 2nd period - Backhand shot by Andy Miele.
5:56 of 2nd period - Shot Blocked by Éric Belanger.
5:58 of 2nd period - Backhand shot by Jeremy Welsh.
5:58 of 2nd period - Stopped by Anders Lindback with a rebound.
6:00 of 2nd period - Wrist shot by Andy Miele.
6:00 of 2nd period - Shot Misses the Net.
6:02 of 2nd period - Backhand shot by Phil Oreskovic.
6:02 of 2nd period - Shot Blocked by Jonathan Tremblay.
6:12 of 2nd period - Slapshot by Brendon Nash.
6:12 of 2nd period - Deflect By T.J. Oshie.
6:12 of 2nd period - Stopped by Steve Mason without a rebound.
6:13 of 2nd period - Nick Bonino wins face-off versus Mikael Granlund in Carnivores zone.
6:14 of 2nd period - Snap shot by T.J. Oshie.
6:14 of 2nd period - Shot Misses the Net.
6:16 of 2nd period - Snap shot by T.J. Oshie.
6:16 of 2nd period - Shot Misses the Net.
6:25 of 2nd period - Minor Penalty to Kristian Huselius for Hooking.
6:26 of 2nd period - Mikael Granlund wins face-off versus Éric Belanger in Wiprows zone.
6:36 of 2nd period - Slapshot by Chris Lawrence.
6:36 of 2nd period - Stopped by Anders Lindback without a rebound.
6:37 of 2nd period - Éric Belanger wins face-off versus Chris Lawrence in Wiprows zone.
6:48 of 2nd period - Wrist shot by Phil Oreskovic.
6:48 of 2nd period - Stopped by Anders Lindback without a rebound.
6:49 of 2nd period - Éric Belanger wins face-off versus Mikael Granlund in Wiprows zone.
7:20 of 2nd period - Wrist shot by Jeremy Welsh.
7:20 of 2nd period - Shot Misses the Net.
7:22 of 2nd period - Wrist shot by Jeremy Welsh.
7:22 of 2nd period - Stopped by Anders Lindback with a rebound.
7:24 of 2nd period - Wrist shot by Jeremy Welsh.
7:24 of 2nd period - Deflect By Andy Miele.
7:24 of 2nd period - Carnivores goal is going for a video replay.
7:24 of 2nd period - The goal is good.
7:24 of 2nd period - Goal by Andy Miele - Carnivores : 2 - Wiprows : 1.
7:25 of 2nd period - Mikael Granlund wins face-off versus Nick Bonino in neutral zone.
7:56 of 2nd period - Snap shot by Jeremy Welsh.
7:56 of 2nd period - Shot Misses the Net.
7:58 of 2nd period - Minor Penalty to Eric Tangradi for Holding.
7:59 of 2nd period - Mikael Granlund wins face-off versus Éric Belanger in Wiprows zone.
8:02 of 2nd period - Snap shot by Blake Geoffrion.
8:02 of 2nd period - Stopped by Anders Lindback with a rebound.
8:04 of 2nd period - Wrist shot by Blake Geoffrion.
8:04 of 2nd period - Stopped by Anders Lindback with a rebound.
8:06 of 2nd period - Slapshot by Phil Oreskovic.
8:06 of 2nd period - Deflect By Chris Lawrence.
8:06 of 2nd period - Shot Misses the Net.
8:06 of 2nd period - Puck is out of play.
8:07 of 2nd period - Éric Belanger wins face-off versus Mikael Granlund in Wiprows zone.
8:35 of 2nd period - Slapshot by Brendon Nash.
8:35 of 2nd period - Stopped by Steve Mason with a rebound.
9:58 of 2nd period - Penalty to Eric Tangradi is over, Eric Tangradi is back on ice.
10:08 of 2nd period - Gord Baldwin is hit by Joffrey Lupul and loses puck.
10:23 of 2nd period - Lane MacDermid is hit by Tim Schaller and loses puck.
11:39 of 2nd period - Gord Baldwin is hit by Lane MacDermid and loses puck.
12:53 of 2nd period - Snap shot by Anton Gustafsson.
12:53 of 2nd period - Deflect By Lane MacDermid.
12:53 of 2nd period - Shot Blocked by Brendon Nash.
12:53 of 2nd period - Brendon Nash from Wiprows is injured at 12:53 of 2nd period (Right Ankle).
12:54 of 2nd period - Mikael Granlund wins face-off versus Nick Bonino in Wiprows zone.
12:55 of 2nd period - Snap shot by Chris Lawrence.
12:55 of 2nd period - Stopped by Anders Lindback without a rebound.
12:56 of 2nd period - Nick Bonino wins face-off versus Mikael Granlund in Wiprows zone.
13:08 of 2nd period - Snap shot by Mikael Granlund.
13:08 of 2nd period - Stopped by Anders Lindback with a rebound.
13:48 of 2nd period - Wrist shot by Colton Orr.
13:48 of 2nd period - Shot Hit the Post.
13:50 of 2nd period - Slapshot by Phil Oreskovic.
13:50 of 2nd period - Stopped by Anders Lindback with a rebound.
13:58 of 2nd period - Minor Penalty to Brandon Bollig for Interference.
13:59 of 2nd period - Éric Belanger wins face-off versus Mikael Granlund in Wiprows zone.
15:58 of 2nd period - Penalty to Brandon Bollig is over, Brandon Bollig is back on ice.
15:58 of 2nd period - Thomas Hickey is hit by Chris Lawrence and loses puck.
16:07 of 2nd period - Slapshot by Gord Baldwin.
16:07 of 2nd period - Deflect By Brandon Bollig.
16:07 of 2nd period - Shot Misses the Net.
16:07 of 2nd period - Puck is out of play.
16:08 of 2nd period - Maxime Macenauer wins face-off versus Anton Lander in Carnivores zone.
16:23 of 2nd period - Wrist shot by Tim Conboy.
16:23 of 2nd period - Stopped by Steve Mason with a rebound.
16:35 of 2nd period - Arturs Kulda is hit by Anton Gustafsson and loses puck.
16:42 of 2nd period - Slapshot by Kristian Huselius.
16:42 of 2nd period - Stopped by Steve Mason with a rebound.
16:52 of 2nd period - Lane MacDermid is hit by Tim Schaller and loses puck.
16:59 of 2nd period - Snap shot by Matt Beleskey.
16:59 of 2nd period - Shot Misses the Net.
17:31 of 2nd period - Wrist shot by Anton Gustafsson.
17:31 of 2nd period - Shot Blocked by Arturs Kulda.
17:33 of 2nd period - Slapshot by Lane MacDermid.
17:33 of 2nd period - Stopped by Anders Lindback with a rebound.
17:35 of 2nd period - Snap shot by Zack Smith.
17:35 of 2nd period - Deflect By Lane MacDermid.
17:35 of 2nd period - Shot Misses the Net.
17:35 of 2nd period - Puck is out of play.
17:36 of 2nd period - Mikael Granlund wins face-off versus Nick Bonino in Wiprows zone.
18:01 of 2nd period - Brendan Gallagher is hit by Thomas Hickey and loses puck.
18:24 of 2nd period - Brendan Gallagher is hit by Gord Baldwin and loses puck.
18:29 of 2nd period - Slapshot by Tim Conboy.
18:29 of 2nd period - Stopped by Steve Mason without a rebound.
18:30 of 2nd period - Mikael Granlund wins face-off versus Maxime Macenauer in Carnivores zone.
18:55 of 2nd period - Bobby Sanguinetti is hit by Arturs Kulda and loses puck.
19:02 of 2nd period - Slapshot by Frederic St-Denis.
19:02 of 2nd period - Stopped by Anders Lindback without a rebound.
19:03 of 2nd period - Nick Bonino wins face-off versus Andy Miele in Wiprows zone.
19:22 of 2nd period - Gord Baldwin is hit by Brendan Gallagher and loses puck.
19:43 of 2nd period - Wrist shot by Blake Geoffrion.
19:43 of 2nd period - Stopped by Anders Lindback with a rebound.
19:55 of 2nd period - Tim Conboy is hit by Phil Oreskovic and loses puck.
Goals for this period are 1 for Carnivores vs 0 for Wiprows.
Shots for this period are 18 for Carnivores vs 8 for Wiprows.
3rd period
0:01 of 3rd period - Nick Bonino wins face-off versus Mikael Granlund in neutral zone.
0:26 of 3rd period - Jonathan Tremblay is hit by Sasha Pokulok and loses puck.
0:49 of 3rd period - Wrist shot by Lane MacDermid.
0:49 of 3rd period - Goal by Lane MacDermid - Carnivores : 3 - Wiprows : 1.
0:50 of 3rd period - Mikael Granlund wins face-off versus Nick Bonino in neutral zone.
1:03 of 3rd period - Snap shot by Mikael Granlund.
1:03 of 3rd period - Shot Blocked by T.J. Oshie.
1:58 of 3rd period - Snap shot by Anton Gustafsson.
1:58 of 3rd period - Stopped by Anders Lindback without a rebound.
1:59 of 3rd period - Anton Gustafsson wins face-off versus Nick Bonino in Wiprows zone.
2:44 of 3rd period - Slapshot by Nick Bonino.
2:44 of 3rd period - Deflect By T.J. Oshie.
2:44 of 3rd period - Stopped by Steve Mason without a rebound.
2:45 of 3rd period - Mikael Granlund wins face-off versus Éric Belanger in Carnivores zone.
2:45 of 3rd period - Mikael Granlund is hit by Arturs Kulda.
2:53 of 3rd period - Slapshot by Thomas Hickey.
2:53 of 3rd period - Stopped by Steve Mason with a rebound.
2:59 of 3rd period - Wrist shot by Eric Tangradi.
2:59 of 3rd period - Shot Misses the Net.
3:01 of 3rd period - Snap shot by Arturs Kulda.
3:01 of 3rd period - Shot Misses the Net.
3:43 of 3rd period - Snap shot by Joffrey Lupul.
3:43 of 3rd period - Stopped by Anders Lindback without a rebound.
3:44 of 3rd period - Nick Bonino wins face-off versus Mikael Granlund in Wiprows zone.
3:59 of 3rd period - Icing by Chris Lawrence.
4:00 of 3rd period - Mikael Granlund wins face-off versus Éric Belanger in Carnivores zone.
4:11 of 3rd period - Snap shot by Éric Belanger.
4:11 of 3rd period - Stopped by Steve Mason with a rebound.
4:44 of 3rd period - Off-side.
4:45 of 3rd period - Maxime Macenauer wins face-off versus Anton Lander in neutral zone.
4:55 of 3rd period - Slapshot by Brandon Bollig.
4:55 of 3rd period - Stopped by Steve Mason with a rebound.
4:57 of 3rd period - Slapshot by Arturs Kulda.
4:57 of 3rd period - Shot Blocked by Joffrey Lupul.
4:59 of 3rd period - Slapshot by Thomas Hickey.
4:59 of 3rd period - Stopped by Steve Mason with a rebound.
5:11 of 3rd period - Brandon Bollig is hit by Sasha Pokulok.
5:16 of 3rd period - Thomas Hickey is hit by Chris Lawrence and loses puck.
5:27 of 3rd period - Snap shot by Maxime Macenauer.
5:27 of 3rd period - Shot Hit the Post.
5:29 of 3rd period - Snap shot by Tim Conboy.
5:29 of 3rd period - Shot Blocked by Sasha Pokulok.
5:31 of 3rd period - Snap shot by Maxime Macenauer.
5:31 of 3rd period - Stopped by Steve Mason without a rebound.
5:32 of 3rd period - T.J. Oshie wins face-off versus Andy Miele in Carnivores zone.
5:38 of 3rd period - Minor Penalty to Brendan Gallagher for Cross-checking.
5:39 of 3rd period - Mikael Granlund wins face-off versus Éric Belanger in Carnivores zone.
6:06 of 3rd period - Icing by Kevin Connauton.
6:07 of 3rd period - Éric Belanger wins face-off versus Mikael Granlund in Wiprows zone.
6:41 of 3rd period - Slapshot by Chris Butler.
6:41 of 3rd period - Deflect By Anton Lander.
6:41 of 3rd period - Stopped by Anders Lindback with a rebound.
7:38 of 3rd period - Penalty to Brendan Gallagher is over, Brendan Gallagher is back on ice.
7:44 of 3rd period - Lane MacDermid is hit by Brandon Bollig and loses puck.
7:49 of 3rd period - Snap shot by Tim Conboy.
7:49 of 3rd period - Stopped by Steve Mason with a rebound.
8:29 of 3rd period - Gord Baldwin is hit by Patrick McNeill and loses puck.
8:51 of 3rd period - Mikael Granlund is hit by Jonathan Tremblay and loses puck.
9:52 of 3rd period - Icing by David Schlemko.
9:53 of 3rd period - Éric Belanger wins face-off versus Chris Lawrence in Carnivores zone.
10:41 of 3rd period - Slapshot by Sasha Pokulok.
10:41 of 3rd period - Shot Blocked by Thomas Hickey.
10:43 of 3rd period - Snap shot by Phil Oreskovic.
10:43 of 3rd period - Shot Blocked by Kevin Connauton.
10:59 of 3rd period - Wrist shot by Eric Tangradi.
10:59 of 3rd period - Stopped by Steve Mason without a rebound.
11:00 of 3rd period - Éric Belanger wins face-off versus Andy Miele in Carnivores zone.
11:01 of 3rd period - Snap shot by Eric Tangradi.
11:01 of 3rd period - Deflect By Éric Belanger.
11:01 of 3rd period - Goal by Éric Belanger - Carnivores : 3 - Wiprows : 2.
11:02 of 3rd period - Kristian Huselius wins face-off versus Mikael Granlund in neutral zone.
11:56 of 3rd period - Eric Tangradi is hit by Andy Miele.
12:54 of 3rd period - Kevin Connauton is hit by Colton Orr and loses puck.
13:15 of 3rd period - Brendan Gallagher is hit by Nick Bonino and loses puck.
13:43 of 3rd period - Minor Penalty to Kevin Connauton for Slashing.
13:44 of 3rd period - Éric Belanger wins face-off versus Mikael Granlund in Wiprows zone.
14:18 of 3rd period - Slapshot by Phil Oreskovic.
14:18 of 3rd period - Stopped by Anders Lindback without a rebound.
14:19 of 3rd period - Andy Miele wins face-off versus Kristian Huselius in Wiprows zone.
14:20 of 3rd period - Backhand shot by Jeremy Welsh.
14:20 of 3rd period - Stopped by Anders Lindback without a rebound.
14:21 of 3rd period - Andy Miele wins face-off versus Éric Belanger in Wiprows zone.
14:22 of 3rd period - Snap shot by Brendan Gallagher.
14:22 of 3rd period - Shot Blocked by Gord Baldwin.
14:24 of 3rd period - Slapshot by Chris Butler.
14:24 of 3rd period - Shot Misses the Net.
14:26 of 3rd period - Slapshot by Bobby Sanguinetti.
14:26 of 3rd period - Shot Blocked by Arturs Kulda.
14:28 of 3rd period - Slapshot by Chris Butler.
14:28 of 3rd period - Deflect By Andy Miele.
14:28 of 3rd period - Stopped by Anders Lindback without a rebound.
14:29 of 3rd period - Andy Miele wins face-off versus Éric Belanger in Wiprows zone.
14:40 of 3rd period - Snap shot by Brendan Gallagher.
14:40 of 3rd period - Stopped by Anders Lindback with a rebound.
14:42 of 3rd period - Wrist shot by Jeremy Welsh.
14:42 of 3rd period - Shot Misses the Net.
15:19 of 3rd period - T.J. Oshie is hit by Bobby Sanguinetti and loses puck.
15:34 of 3rd period - Wrist shot by Kristian Huselius.
15:34 of 3rd period - Deflect By Jonathan Tremblay.
15:34 of 3rd period - Stopped by Steve Mason with a rebound.
15:43 of 3rd period - Penalty to Kevin Connauton is over, Kevin Connauton is back on ice.
15:47 of 3rd period - Thomas Hickey is hit by Sasha Pokulok.
15:53 of 3rd period - Slapshot by Sasha Pokulok.
15:53 of 3rd period - Stopped by Anders Lindback with a rebound.
15:55 of 3rd period - Slapshot by Anton Lander.
15:55 of 3rd period - Shot Blocked by Arturs Kulda.
15:57 of 3rd period - Snap shot by Joffrey Lupul.
15:57 of 3rd period - Shot Blocked by Brandon Bollig.
15:59 of 3rd period - Slapshot by Phil Oreskovic.
15:59 of 3rd period - Shot Blocked by Thomas Hickey.
16:01 of 3rd period - Slapshot by Anton Lander.
16:01 of 3rd period - Stopped by Anders Lindback with a rebound.
16:12 of 3rd period - Thomas Hickey is hit by Zack Smith and loses puck.
17:19 of 3rd period - Snap shot by Tim Conboy.
17:19 of 3rd period - Stopped by Steve Mason without a rebound.
17:20 of 3rd period - Maxime Macenauer wins face-off versus Anton Lander in Carnivores zone.
17:27 of 3rd period - Wrist shot by Tim Conboy.
17:27 of 3rd period - Shot Blocked by Anton Lander.
17:29 of 3rd period - Slapshot by Kevin Connauton.
17:29 of 3rd period - Shot Misses the Net.
17:31 of 3rd period - Snap shot by Tim Conboy.
17:31 of 3rd period - Stopped by Steve Mason without a rebound.
17:32 of 3rd period - Nick Bonino wins face-off versus Chris Lawrence in Carnivores zone.
18:02 of 3rd period - Snap shot by Bobby Sanguinetti.
18:02 of 3rd period - Stopped by Anders Lindback without a rebound.
18:03 of 3rd period - Nick Bonino wins face-off versus Mikael Granlund in Wiprows zone.
18:03 of 3rd period - Nick Bonino is hit by Mikael Granlund.
18:06 of 3rd period - Icing by Gord Baldwin.
18:07 of 3rd period - Nick Bonino wins face-off versus Mikael Granlund in Wiprows zone.
18:12 of 3rd period - Bobby Sanguinetti is hit by Nick Bonino and loses puck.
18:44 of 3rd period - Arturs Kulda is hit by Mikael Granlund and loses puck.
18:57 of 3rd period - Wiprows, Anders Lindback is pulled from the net.
18:57 of 3rd period - Slapshot by Arturs Kulda.
18:57 of 3rd period - Stopped by Steve Mason with a rebound.
19:24 of 3rd period - Snap shot by Kristian Huselius.
19:24 of 3rd period - Shot Misses the Net.
19:50 of 3rd period - Wrist shot by Mikael Granlund.
19:50 of 3rd period - Shot Blocked by Gord Baldwin.
19:52 of 3rd period - Snap shot by Frederic St-Denis.
19:52 of 3rd period - Deflect By Chris Lawrence.
19:52 of 3rd period - Shot Blocked by Arturs Kulda.
19:52 of 3rd period - Puck is out of play.
19:53 of 3rd period - Andy Murray call a timeout for Wiprows.
19:53 of 3rd period - Anders Lindback from Wiprows was sent back in the game.
19:53 of 3rd period - Éric Belanger wins face-off versus Jeremy Welsh in Wiprows zone.
Goals for this period are 1 for Carnivores vs 1 for Wiprows.
Shots for this period are 11 for Carnivores vs 13 for Wiprows.
Back to the Top